[Event "FRA-chTW Top 12 2019"]
[Site "Vandoeuvre"]
[Date "2019.05.03"]
[Round "3.8"]
[White "Flear, Christine"]
[Black "Gromas, Hermine"]
[Result "1-0"]
[ECO "A81"]
[WhiteElo "2037"]
[BlackElo "1476"]
[Annotator "NA"]
[PlyCount "66"]
[EventDate "2019.05.02"]
[EventType "team-tourn"]
[EventCountry "FRA"]
[SourceTitle "playchess.com"]
[Source "ChessBase"]
[SourceQuality "1"]
[TimeControl "40/5400+30:1800+30"]

1. d4 f5 2. g3 g6 3. Bg2 Nf6 4. Nh3 Bg7 5. c3 d6 6. Nf4 c6 7. Qb3 Na6 8. Nd2 Nc7 9. Nf3 Nfd5 10. Nd3 h6 11. h4 b5 12. O-O Be6 13. Qc2 O-O 14. Bf4 Bf7 15. Rad1 Qc8 16. Bh3 Qb7 17. Bc1 Rfe8 18. h5 g5 19. Bxf5 Bxh5 20. Nde1 Nf6 21. Bg6 Bxg6 22. Qxg6 Ncd5 23. e4 Nb6 24. e5 Nfd5 25. Nh2 Qc8 26. Kg2 Rf8 27. exd6 Rf6 28. Qe4 exd6 29. Nef3 Qe8 30. Qd3 Qf7 31. Ng4 Re6 32. Rh1 Rf8 33. Nxg5 Qe7 1-0

[Event "FRA-chTW Top 12 2019"]
[Site "Vandoeuvre"]
[Date "2019.05.03"]
[Round "3.9"]
[White "Bulmaga, Irina"]
[Black "Atalik, Ekaterina"]
[Result "1/2-1/2"]
[ECO "B19"]
[WhiteElo "2429"]
[BlackElo "2458"]
[Annotator "ChessBase"]
[PlyCount "39"]
[EventDate "2019.05.02"]
[EventType "team-tourn"]
[EventCountry "FRA"]
[SourceTitle "playchess.com"]
[Source "ChessBase"]
[SourceQuality "1"]
[TimeControl "40/5400+30:1800+30"]

1. e4 c6 2. d4 d5 3. Nc3 dxe4 4. Nxe4 Bf5 5. Ng3 Bg6 6. Nf3 e6 7. h4 h6 8. Ne5 Bh7 9. Bd3 Bxd3 10. Qxd3 Nd7 11. f4 Bb4+ 12. c3 Be7 13. Bd2 Ngf6 14. O-O-O O-O 15. Ne4 Nxe4 16. Qxe4 Nxe5 17. fxe5 Qd5 18. Qxd5 cxd5 19. h5 b5 20. g4 1/2-1/2

[Event "FRA-chTW Top 12 2019"]
[Site "Vandoeuvre"]
[Date "2019.05.03"]
[Round "3.10"]
[White "Frisk, Ellinor"]
[Black "Klipper, Noemie"]
[Result "1-0"]
[ECO "A38"]
[WhiteElo "2262"]
[BlackElo "1816"]
[Annotator "NA"]
[PlyCount "100"]
[EventDate "2019.05.02"]
[EventType "team-tourn"]
[EventCountry "FRA"]
[SourceTitle "playchess.com"]
[Source "ChessBase"]
[SourceQuality "1"]
[TimeControl "40/5400+30:1800+30"]

1. Nf3 c5 2. c4 g6 3. g3 Nc6 4. d4 cxd4 5. Nxd4 Bg7 6. Nc2 Nf6 7. Bg2 O-O 8. O-O d6 9. Nc3 Nd7 10. Qd2 Rb8 11. b3 a6 12. Bb2 Na7 13. Nd4 b6 14. Rfd1 Bb7 15. Nd5 Ne5 16. Rac1 b5 17. cxb5 Nxb5 18. Rc2 e6 19. Nxb5 axb5 20. Nc7 Bxg2 21. Kxg2 Nc4 22. bxc4 Qxc7 23. Bxg7 Kxg7 24. cxb5 Qb7+ 25. Rc6 Qxb5 26. Rxd6 Qb2 27. a4 Qxd2 28. R1xd2 Rb4 29. Ra2 Ra8 30. a5 Kf8 31. Rc6 Ra7 32. a6 Ke8 33. Kf3 Kd7 34. Rc5 Rb6 35. Rca5 Kc7 36. Kf4 f6 37. Ke4 Kc6 38. Kd4 Rb1 39. h4 Rd1+ 40. Ke4 Rb1 41. Kf3 Rb3+ 42. e3 Rb6 43. g4 h6 44. R2a4 Rb5 45. Ke4 Rxa5 46. Rxa5 Kb6 47. Ra2 Rxa6 48. Rxa6+ Kxa6 49. f4 f5+ 50. gxf5 exf5+ 1-0

[Event "FRA-chTW Top 12 2019"]
[Site "Vandoeuvre"]
[Date "2019.05.03"]
[Round "3.10"]
[White "Bismuth, Lea"]
[Black "Bensdorp-De Labaca, Marlies"]
[Result "1/2-1/2"]
[ECO "B13"]
[WhiteElo "1956"]
[BlackElo "2229"]
[Annotator "NA"]
[PlyCount "75"]
[EventDate "2019.05.02"]
[EventType "team-tourn"]
[EventCountry "FRA"]
[SourceTitle "playchess.com"]
[Source "ChessBase"]
[SourceQuality "1"]
[TimeControl "40/5400+30:1800+30"]

1. d4 d5 2. Bf4 Nf6 3. Nc3 c5 4. e3 cxd4 5. exd4 a6 6. Nf3 Nc6 7. Ne5 e6 8. Nxc6 bxc6 9. Na4 Bd6 10. Bxd6 Qxd6 11. Be2 O-O 12. O-O e5 13. Nb6 Ra7 14. Nxc8 Rxc8 15. dxe5 Qxe5 16. c3 c5 17. Re1 Qd6 18. Bf3 Rb8 19. Qd2 Rab7 20. b3 Rd7 21. Rad1 h6 22. g3 Qb6 23. Qf4 a5 24. Qa4 Rbd8 25. Bg2 Qc7 26. Bh3 Rd6 27. Bg2 d4 28. cxd4 Rxd4 29. Rxd4 cxd4 30. Qc6 Qxc6 31. Bxc6 Rd6 32. Bf3 Kf8 33. Kf1 Nd7 34. Ke2 Re6+ 35. Kd2 Rf6 36. Ke2 Re6+ 37. Kd2 Rf6 38. Ke2 1/2-1/2

[Event "FRA-chTW Top 12 2019"]
[Site "Vandoeuvre"]
[Date "2019.05.03"]
[Round "3.11"]
[White "Verot, Melanie"]
[Black "Marin Benito, Carla"]
[Result "1/2-1/2"]
[ECO "E76"]
[WhiteElo "2069"]
[BlackElo "1978"]
[Annotator "NA"]
[PlyCount "112"]
[EventDate "2019.05.02"]
[EventType "team-tourn"]
[EventCountry "FRA"]
[SourceTitle "playchess.com"]
[Source "ChessBase"]
[SourceQuality "1"]
[TimeControl "40/5400+30:1800+30"]

1. d4 Nf6 2. c4 g6 3. Nc3 Bg7 4. e4 d6 5. f4 O-O 6. Nf3 Nbd7 7. e5 Ne8 8. Be3 e6 9. Be2 Qe7 10. O-O c5 11. Nb5 a6 12. exd6 Nxd6 13. Nxd6 Qxd6 14. dxc5 Qxd1 15. Raxd1 Bxb2 16. Rd3 e5 17. fxe5 Nxe5 18. Rb3 Ng4 19. Bf4 Bg7 20. h3 Nf6 21. Bd6 Re8 22. Bd3 Bf8 23. Ng5 Bg7 24. Bc2 h6 25. Nf3 Re2 26. Rf2 Re6 27. Be5 Nd7 28. Bxg7 Kxg7 29. Nd4 Re1+ 30. Kh2 Nxc5 31. Rbf3 Re7 32. h4 Bg4 33. Rg3 Ne4 34. Re3 Rae8 35. Rf4 Nf6 36. Rb3 h5 37. Rb6 Nh7 38. c5 Nf8 39. Bb3 Ne6 40. Nxe6+ Bxe6 41. Bxe6 fxe6 42. Rfb4 Rc8 43. Rxb7 Rxb7 44. Rxb7+ Kf6 45. Rb6 Rxc5 46. Rxa6 Rc3 47. Ra8 Kf5 48. Rf8+ Ke5 49. Rg8 Kf6 50. Rf8+ Ke7 51. Rf3 Rc2 52. a3 Ra2 53. Kh3 Rc2 54. g4 hxg4+ 55. Kxg4 Rc5 56. Rf4 Ra5 1/2-1/2

[Event "FRA-chTW Top 12 2019"]
[Site "Vandoeuvre"]
[Date "2019.05.03"]
[Round "3.11"]
[White "Afraoui, Anaelle"]
[Black "Steil-Antoni, Fiona"]
[Result "*"]
[ECO "D11"]
[WhiteElo "2068"]
[BlackElo "2156"]
[Annotator "NA"]
[PlyCount "24"]
[EventDate "2019.05.02"]
[EventType "team-tourn"]
[EventCountry "FRA"]
[SourceTitle "playchess.com"]
[Source "ChessBase"]
[SourceQuality "1"]
[TimeControl "40/5400+30:1800+30"]

1. d4 d5 2. Nf3 Nf6 3. c4 c6 4. Nbd2 Bf5 5. Nh4 Bg6 6. Qb3 Qb6 7. Qxb6 axb6 8. Nxg6 hxg6 9. g3 e6 10. Bg2 Bb4 11. cxd5 exd5 12. O-O Nbd7 *

[Event "FRA-chTW Top 12 2019"]
[Site "Vandoeuvre"]
[Date "2019.05.03"]
[Round "3.11"]
[White "Gospodaru, Teodora"]
[Black "Haussernot, Cecile"]
[Result "0-1"]
[ECO "D11"]
[WhiteElo "1434"]
[BlackElo "2097"]
[Annotator "NA"]
[PlyCount "84"]
[EventDate "2019.05.02"]
[EventType "team-tourn"]
[EventCountry "FRA"]
[SourceTitle "playchess.com"]
[Source "ChessBase"]
[SourceQuality "1"]
[TimeControl "40/5400+30:1800+30"]

1. d4 d5 2. Nf3 Nf6 3. c4 c6 4. Nbd2 Bf5 5. Nh4 Bg6 6. Qb3 Qb6 7. Qxb6 axb6 8. Nxg6 hxg6 9. g3 e6 10. Bg2 Bb4 11. cxd5 exd5 12. O-O Nbd7 13. a3 Bd6 14. Nf3 b5 15. Bf4 Bxf4 16. gxf4 Nb6 17. b3 Ne4 18. Rfd1 Ke7 19. Ne5 Ra7 20. Nd3 Rha8 21. Bxe4 dxe4 22. Nc5 f5 23. f3 e3 24. a4 bxa4 25. bxa4 Nd5 26. Nd3 Rxa4 27. Rab1 R8a7 28. Rb2 Rxd4 29. Rdb1 b6 30. Ne5 Rc7 31. Nxg6+ Kf6 32. Nh4 Rxf4 33. Ng2 Rd4 34. Rc1 c5 35. Rb3 c4 36. Ra3 c3 37. Ne1 Rd2 38. Kf1 b5 39. Ra6+ Kg5 40. Ra5 b4 41. Nd3 Rxd3 42. exd3 Nf4 0-1

[Event "FRA-chTW Top 12 2019"]
[Site "Vandoeuvre"]
[Date "2019.05.03"]
[Round "3.12"]
[White "Choisy, Mathilde"]
[Black "Bonvalot, Isabelle"]
[Result "*"]
[ECO "B31"]
[WhiteElo "2113"]
[BlackElo "1936"]
[Annotator "NA"]
[PlyCount "22"]
[EventDate "2019.05.02"]
[EventType "team-tourn"]
[EventCountry "FRA"]
[SourceTitle "playchess.com"]
[Source "ChessBase"]
[SourceQuality "1"]
[TimeControl "40/5400+30:1800+30"]

1. e4 c5 2. Nf3 Nc6 3. Bb5 g6 4. Bxc6 dxc6 5. d3 Bg7 6. Nc3 Nh6 7. h3 f6 8. Be3 b6 9. Nh2 e5 10. g4 Be6 11. Qe2 Qe7 *

[Event "FRA-chTW Top 12 2019"]
[Site "Vandoeuvre"]
[Date "2019.05.03"]
[Round "3.12"]
[White "Neuhauser, Salome"]
[Black "Saliou, Sarah"]
[Result "1-0"]
[ECO "B31"]
[WhiteElo "2073"]
[BlackElo "1696"]
[Annotator "NA"]
[PlyCount "75"]
[EventDate "2019.05.02"]
[EventType "team-tourn"]
[EventCountry "FRA"]
[SourceTitle "playchess.com"]
[Source "ChessBase"]
[SourceQuality "1"]
[TimeControl "40/5400+30:1800+30"]

1. e4 c5 2. Nf3 Nc6 3. Bb5 g6 4. Bxc6 dxc6 5. d3 Bg7 6. Nc3 Nh6 7. h3 f6 8. Be3 b6 9. Nh2 e5 10. g4 Be6 11. Qe2 Qe7 12. O-O-O O-O-O 13. h4 Nf7 14. Nf1 f5 15. gxf5 gxf5 16. exf5 Bxf5 17. Ng3 Be6 18. Nge4 Bh6 19. Rdg1 Bxe3+ 20. fxe3 Nd6 21. Ng5 h6 22. Nxe6 Qxe6 23. Qh5 Rhg8 24. b3 Nf5 25. Qf3 Rxg1+ 26. Rxg1 Nxh4 27. Qh5 Nf5 28. Rg6 Qd7 29. e4 Ne7 30. Rxh6 Qd4 31. Ne2 Qe3+ 32. Kb2 Kb8 33. Qxe5+ Kc8 34. Rh2 Rd7 35. Rh8+ Kb7 36. Rb8+ Ka6 37. Qe6 Rxd3 38. Qc4+ 1-0

[Event "FRA-chTW Top 12 2019"]
[Site "Vandoeuvre"]
[Date "2019.05.03"]
[Round "3.12"]
[White "Aggoune, Liza"]
[Black "Gras, Delphine"]
[Result "1/2-1/2"]
[ECO "B13"]
[WhiteElo "1769"]
[BlackElo "1835"]
[Annotator "NA"]
[PlyCount "158"]
[EventDate "2019.05.02"]
[EventType "team-tourn"]
[EventCountry "FRA"]
[SourceTitle "playchess.com"]
[Source "ChessBase"]
[SourceQuality "1"]
[TimeControl "40/5400+30:1800+30"]

1. e4 c6 2. d4 d5 3. exd5 cxd5 4. Nf3 Nc6 5. c3 Bg4 6. Bf4 e6 7. Nbd2 Bd6 8. Bg3 Nf6 9. Bd3 O-O 10. O-O a6 11. Re1 b5 12. a3 Bxg3 13. hxg3 Qb6 14. Qb1 Ra7 15. Ne5 Bh5 16. Nxc6 Qxc6 17. Nb3 a5 18. Nc5 Rfa8 19. Qc2 Qb6 20. Qb3 Rb8 21. a4 b4 22. Bb5 bxc3 23. Qxc3 Rc7 24. Qd2 Bg6 25. Rac1 Rbc8 26. b4 axb4 27. Qxb4 Ne4 28. Nb3 Nd6 29. Rxc7 Rxc7 30. Rc1 Rb7 31. Nc5 Rc7 32. Nb3 Bc2 33. Nc5 Bxa4 34. Qxa4 Qxb5 35. Qa3 h6 36. Ra1 Nf5 37. Nb3 Rb7 38. Rb1 Nxd4 39. Nd2 Qe2 40. Rxb7 Qxd2 41. Qa7 Qd1+ 42. Kh2 Qh5+ 43. Kg1 Qd1+ 44. Kh2 Qh5+ 45. Kg1 Ne2+ 46. Kf1 Nc1 47. Kg1 Ne2+ 48. Kf1 Nc1 49. Kg1 Qd1+ 50. Kh2 Ne2 51. Qb8+ Kh7 52. Rb1 Qd4 53. Qb6 Qe5 54. Rb4 d4 55. Qb5 Qe4 56. Qc4 Qe5 57. Rb5 Qe4 58. Rb2 Nc3 59. Rd2 e5 60. Rd3 Qf5 61. Rf3 Qh5+ 62. Kg1 f5 63. Rxc3 dxc3 64. Qxc3 Qd1+ 65. Kh2 Qe2 66. Qc5 Qh5+ 67. Kg1 e4 68. Qe5 Qg5 69. Qc5 Kg6 70. Qe5 Qf6 71. Qf4 Qg5 72. Qd6+ Kf7 73. Qd5+ Kf8 74. Qa8+ Kf7 75. Qd5+ Kg6 76. Qe5 Qf6 77. Qf4 Kh7 78. g4 g6 79. gxf5 gxf5 1/2-1/2

[Event "FRA-chTW Top 12 2019"]
[Site "Vandoeuvre"]
[Date "2019.05.04"]
[Round "4.2"]
[White "Marin Benito, Carla"]
[Black "Safranska, Anda"]
[Result "0-1"]
[ECO "C25"]
[WhiteElo "1978"]
[BlackElo "2188"]
[Annotator "NA RC"]
[PlyCount "100"]
[EventDate "2019.05.02"]
[EventType "team-tourn"]
[EventCountry "FRA"]
[SourceTitle "playchess.com"]
[Source "ChessBase"]
[SourceQuality "1"]
[TimeControl "40/5400+30:1800+30"]

1. e4 g6 2. Nc3 Bg7 3. g3 e5 4. Bg2 Nc6 5. Nge2 d6 6. O-O Nge7 7. d3 O-O 8. Be3 h6 9. Qd2 Kh7 10. d4 exd4 11. Nxd4 Ne5 12. Qe2 Ng4 13. Rad1 Nxe3 14. Qxe3 a6 15. Nce2 Rb8 16. c3 Qe8 17. f4 Bd7 18. h3 Rd8 19. Rfe1 c5 20. Nb3 b6 21. Nd2 Bb5 22. Kh1 a5 23. c4 Ba6 24. Qb3 Rb8 25. Nc3 Nc6 26. Nf3 Qe7 27. Nb5 Rfd8 28. Rd2 Bxb5 29. cxb5 Nd4 30. Nxd4 Bxd4 31. Rde2 Qe6 32. Qxe6 fxe6 33. a4 Rf8 34. h4 Rbe8 35. Bh3 Kg7 36. b3 g5 37. f5 gxh4 38. gxh4 Be5 39. Kg2 exf5 40. Bxf5 Kf6 41. Bh7 Bf4 42. h5 Re5 43. Bg6 Rg5+ 44. Kf1 Bg3 45. Rd1 Ke5+ 46. Kg2 Bf2+ 47. Kh2 Bd4 48. Rdd2 Rf4 49. Rd3 Rh4+ 50. Rh3 Bg1+ 0-1

[Event "FRA-chTW Top 12 2019"]
[Site "Vandoeuvre"]
[Date "2019.05.04"]
[Round "4.3"]
[White "Maisuradze, Nino"]
[Black "Thomas, Anysia"]
[Result "1/2-1/2"]
[ECO "D93"]
[WhiteElo "2179"]
[BlackElo "2178"]
[Annotator "NA RC"]
[PlyCount "113"]
[EventDate "2019.05.02"]
[EventType "team-tourn"]
[EventCountry "FRA"]
[SourceTitle "playchess.com"]
[Source "ChessBase"]
[SourceQuality "1"]
[TimeControl "40/5400+30:1800+30"]

1. Nf3 g6 2. c4 Bg7 3. d4 Nf6 4. Bf4 d5 5. e3 O-O 6. Nc3 c5 7. dxc5 Qa5 8. Rc1 dxc4 9. Bxc4 Qxc5 10. Qb3 Nc6 11. Nb5 Be6 12. O-O Na5 13. Qa3 Qxa3 14. Nxa3 Nxc4 15. Nxc4 b5 16. Na3 a6 17. b3 Bd5 18. Be5 Bxf3 19. gxf3 Nd5 20. Bxg7 Kxg7 21. Nb1 Rac8 22. Rfd1 e6 23. a3 a5 24. Kf1 h5 25. f4 Rfd8 26. Ke2 Nf6 27. Nd2 Nd5 28. Ne4 b4 29. axb4 axb4 30. Kf3 h4 31. Rc4 Ra8 32. Nc5 Rdb8 33. Na4 Rc8 34. Rdc1 Rxc4 35. Rxc4 f5 36. Nc5 Kf7 37. Nd3 Ra3 38. Nxb4 Rxb3 39. Nxd5 exd5 40. Rc7+ Kf6 41. Rc6+ Kf7 42. Rd6 Rb5 43. Kg2 Rc5 44. Rd7+ Kf6 45. Rh7 d4 46. exd4 Rd5 47. Rxh4 Rxd4 48. Kg3 Rd3+ 49. f3 Kg7 50. Kf2 Rd4 51. Ke3 Ra4 52. Rh3 Ra3+ 53. Kf2 Ra4 54. Kg3 Ra2 55. Rh4 Ra1 56. Kf2 Ra4 57. Kg3 1/2-1/2

[Event "FRA-chTW Top 12 2019"]
[Site "Vandoeuvre"]
[Date "2019.05.04"]
[Round "4.3"]
[White "Franc, Nathalie"]
[Black "Bismuth, Lea"]
[Result "0-1"]
[ECO "B73"]
[WhiteElo "2004"]
[BlackElo "1956"]
[Annotator "NA RC"]
[PlyCount "110"]
[EventDate "2019.05.02"]
[EventType "team-tourn"]
[EventCountry "FRA"]
[SourceTitle "playchess.com"]
[Source "ChessBase"]
[SourceQuality "1"]
[TimeControl "40/5400+30:1800+30"]

1. d4 Nf6 2. Nc3 g6 3. e4 d6 4. Nf3 Bg7 5. Be2 O-O 6. O-O c5 7. h3 cxd4 8. Nxd4 Nc6 9. Be3 Bd7 10. f4 e5 11. fxe5 dxe5 12. Nb3 h6 13. Bc4 b6 14. Qf3 Kh7 15. Rad1 Qe7 16. a3 Rad8 17. Nd5 Nxd5 18. exd5 e4 19. Qf4 g5 20. Qf2 Ne5 21. d6 Qe8 22. Bd5 f5 23. c4 Nd3 24. Qe2 Ba4 25. c5 Qe5 26. Bc4 bxc5 27. Rd2 f4 28. Bxc5 Bxb3 29. Bxd3 Qxc5+ 30. Kh1 exd3 31. Qxd3+ Kh8 32. Qxb3 Rxd6 33. Rc2 Qb6 34. Qf3 Rfd8 35. Re1 Rd3 36. Qh5 Re3 37. Rec1 Qe6 38. Rc6 Rd6 39. Rc7 Re1+ 40. Kh2 Rxc1 41. Rxc1 Bxb2 42. Rb1 Be5 43. Rb8+ Kh7 44. Rb7+ Rd7 45. Rxd7+ Qxd7 46. Qf3 Kg7 47. Kh1 a5 48. Qe2 Qd6 49. Qf3 a4 50. Qb7+ Qc7 51. Qb5 f3 52. gxf3 Qc1+ 53. Kg2 Qd2+ 54. Kf1 Qc1+ 55. Kg2 Qb2+ 0-1

[Event "FRA-chTW Top 12 2019"]
[Site "Vandoeuvre"]
[Date "2019.05.04"]
[Round "4.4"]
[White "Aggoune, Liza"]
[Black "Bauer, Alexandra"]
[Result "1-0"]
[ECO "B23"]
[WhiteElo "1769"]
[BlackElo "1349"]
[Annotator "NA"]
[PlyCount "53"]
[EventDate "2019.05.02"]
[EventType "team-tourn"]
[EventCountry "FRA"]
[SourceTitle "playchess.com"]
[Source "ChessBase"]
[SourceQuality "1"]
[TimeControl "40/5400+30:1800+30"]

1. e4 c5 2. Nc3 Nc6 3. Bb5 e6 4. d3 Nf6 5. f4 d5 6. e5 Nd7 7. Nf3 a6 8. Bxc6 bxc6 9. O-O Be7 10. Qe1 Nf8 11. Kh1 h5 12. Qf2 Ng6 13. Bd2 Rb8 14. Rab1 h4 15. h3 a5 16. b3 Ba6 17. Rfe1 O-O 18. Nh2 Qd7 19. Na4 Qa7 20. f5 exf5 21. Qxf5 Bc8 22. Qh5 Rb5 23. Nf3 Qc7 24. Bg5 Rd8 25. e6 Qd6 26. exf7+ Kxf7 27. Rxe7+ 1-0

[Event "FRA-chTW Top 12 2019"]
[Site "Vandoeuvre"]
[Date "2019.05.04"]
[Round "4.5"]
[White "Gaponenko, Inna"]
[Black "Bulmaga, Irina"]
[Result "1/2-1/2"]
[ECO "B90"]
[WhiteElo "2445"]
[BlackElo "2429"]
[Annotator "RC"]
[PlyCount "173"]
[EventDate "2019.05.02"]
[EventType "team-tourn"]
[EventCountry "FRA"]
[SourceTitle "playchess.com"]
[Source "ChessBase"]
[SourceQuality "1"]
[TimeControl "40/5400+30:1800+30"]

1. e4 c5 2. Nf3 d6 3. d4 cxd4 4. Nxd4 Nf6 5. Nc3 a6 6. Be3 e5 7. Nf3 Be7 8. Bc4 O-O 9. O-O Nc6 10. Qe2 Be6 11. Bb3 Qc7 12. Rfd1 Rac8 13. Bg5 Na5 14. Bxf6 Bxf6 15. Nd5 Bxd5 16. Rxd5 Nxb3 17. cxb3 Be7 18. Rd3 Qa5 19. Qe1 Qxe1+ 20. Nxe1 g6 21. Rc3 f5 22. Rac1 Rxc3 23. Rxc3 Bd8 24. Rd3 Bc7 25. exf5 gxf5 26. Nc2 Kf7 27. Rh3 Kg6 28. Rg3+ Kf6 29. Rh3 Rf7 30. Ne3 Ke6 31. Rh6+ Kd7 32. Kf1 Kc6 33. Ke2 Kc5 34. Rh5 f4 35. Nc4 b5 36. Nd2 d5 37. g3 fxg3 38. hxg3 Kc6 39. Nf3 Re7 40. Ng5 e4 41. Rxh7 Rxh7 42. Nxh7 Kd6 43. Nf6 Bd8 44. Ng4 d4 45. f3 d3+ 46. Ke3 Bb6+ 47. Kd2 Ba5+ 48. Kd1 exf3 49. Nf2 Kd5 50. Nxd3 Kd4 51. Nf2 Bc7 52. Nh1 Ke3 53. Ke1 Be5 54. Kf1 Bxb2 55. Nf2 Bd4 56. g4 Kf4 57. Nd3+ Kxg4 58. Nb4 a5 59. Nc6 Bb6 60. b4 a4 61. Ne7 Bd4 62. Nc6 Bc3 63. Na7 Bxb4 64. Nxb5 a3 65. Nd4 Kf4 66. Nc2 Bd6 67. Kf2 Bc5+ 68. Kf1 Ke4 69. Ne1 Bb4 70. Nc2 Bd6 71. Kf2 Bc5+ 72. Kf1 Kf4 73. Ne1 Kg3 74. Nd3 Be3 75. Ne1 f2 76. Nd3 Bd4 77. Nb4 Bc3 78. Nd3 Bd4 79. Nb4 Bc5 80. Nc2 Bd6 81. Nd4 Be5 82. Ne2+ Kf3 83. Nd4+ Ke4 84. Nc2 Kd3 85. Nxa3 Bg3 86. Nb5 Kc4 87. Nd6+ 1/2-1/2

[Event "FRA-chTW Top 12 2019"]
[Site "Vandoeuvre"]
[Date "2019.05.04"]
[Round "4.6"]
[White "L'Ami, Alina"]
[Black "Frisk, Ellinor"]
[Result "1/2-1/2"]
[ECO "D19"]
[WhiteElo "2286"]
[BlackElo "2262"]
[Annotator "NA"]
[PlyCount "75"]
[EventDate "2019.05.02"]
[EventType "team-tourn"]
[EventCountry "FRA"]
[SourceTitle "playchess.com"]
[Source "ChessBase"]
[SourceQuality "1"]
[TimeControl "40/5400+30:1800+30"]

1. d4 d5 2. c4 c6 3. Nf3 Nf6 4. Nc3 dxc4 5. a4 Bf5 6. e3 e6 7. Bxc4 Bb4 8. O-O O-O 9. Qe2 Bg4 10. h3 Bh5 11. g4 Bg6 12. Ne5 Nbd7 13. Nxg6 hxg6 14. Rd1 Qe7 15. a5 e5 16. Qc2 Kh8 17. d5 cxd5 18. Nxd5 Nxd5 19. Bxd5 Nf6 20. Bg2 Rac8 21. Qe2 Rfd8 22. Bd2 Bxd2 23. Rxd2 Qb4 24. Rad1 Qxa5 25. Bxb7 Rxd2 26. Qxd2 Qxd2 27. Rxd2 Rc7 28. Bg2 g5 29. Kf1 Rc8 30. Ke2 Kg8 31. Kd1 Kf8 32. Rd6 Ke7 33. Ra6 Rc7 34. b4 Nd7 35. b5 Nb6 36. Bc6 Kd6 37. Ra2 f6 38. Ke2 1/2-1/2

[Event "FRA-chTW Top 12 2019"]
[Site "Vandoeuvre"]
[Date "2019.05.04"]
[Round "4.7"]
[White "Haussernot, Cecile"]
[Black "Afraoui, Anaelle"]
[Result "0-1"]
[ECO "B51"]
[WhiteElo "2097"]
[BlackElo "2068"]
[Annotator "NA"]
[PlyCount "70"]
[EventDate "2019.05.02"]
[EventType "team-tourn"]
[EventCountry "FRA"]
[SourceTitle "playchess.com"]
[Source "ChessBase"]
[SourceQuality "1"]
[TimeControl "40/5400+30:1800+30"]

1. e4 c5 2. Nf3 Nc6 3. Nc3 d6 4. Bb5 e5 5. O-O Nf6 6. Nd5 Be7 7. b4 cxb4 8. d4 O-O 9. Bxc6 bxc6 10. Nxb4 Qb6 11. Nd3 exd4 12. Bg5 c5 13. Nf4 Bb7 14. Nd2 Rae8 15. Rb1 Qc7 16. Re1 Bc6 17. Bxf6 Bxf6 18. Nh5 Qe7 19. f4 g6 20. Ng3 Qd7 21. Qf3 Kh8 22. Re2 Qd8 23. Qd3 Bg7 24. Qa6 Qd7 25. f5 Rb8 26. Ree1 Rxb1 27. Rxb1 d5 28. Qa5 dxe4 29. Ndxe4 gxf5 30. Ng5 f4 31. N3e4 h6 32. Nxc5 Qg4 33. Nge4 f3 34. Ng3 d3 35. c3 Bd4+ 0-1

[Event "FRA-chTW Top 12 2019"]
[Site "Vandoeuvre"]
[Date "2019.05.04"]
[Round "4.7"]
[White "Flear, Christine"]
[Black "Verot, Melanie"]
[Result "*"]
[ECO "D91"]
[WhiteElo "2037"]
[BlackElo "2069"]
[Annotator "NA RC"]
[PlyCount "86"]
[EventDate "2019.05.02"]
[EventType "team-tourn"]
[EventCountry "FRA"]
[SourceTitle "playchess.com"]
[Source "ChessBase"]
[SourceQuality "1"]
[TimeControl "40/5400+30:1800+30"]

1. d4 Nf6 2. c4 g6 3. Nc3 d5 4. Nf3 Bg7 5. Bg5 c6 6. e3 O-O 7. Be2 Be6 8. Qb3 Nbd7 9. cxd5 Nxd5 10. Qa3 N7f6 11. O-O Re8 12. Bh4 a5 13. Nxd5 Bxd5 14. Qc5 Ne4 15. Qc2 Nd6 16. Nd2 a4 17. f3 Qa5 18. Bf2 e5 19. dxe5 Bxe5 20. Nc4 Nxc4 21. Bxc4 a3 22. b4 Qxb4 23. Bxd5 Bxa1 24. Bxf7+ Kxf7 25. Rxa1 Rad8 26. Rb1 Rd2 27. Qc1 Rb2 28. Ra1 Qd2 29. Qc4+ Kg7 30. Rf1 Rd8 31. e4 Qd6 32. Qc3+ Kf7 33. f4 Rxf2 34. Rxf2 Qd1+ 35. Rf1 Qd4+ 36. Qxd4 Rxd4 37. e5 Rd2 38. Ra1 Ke6 39. h3 c5 40. Kh2 c4 41. Rb1 Rb2 42. Rd1 Rxa2 43. Rd6+ Ke7 *

[Event "FRA-chTW Top 12 2019"]
[Site "Vandoeuvre"]
[Date "2019.05.04"]
[Round "4.8"]
[White "Bonvalot, Isabelle"]
[Black "Richard, Emma"]
[Result "1-0"]
[ECO "B22"]
[WhiteElo "1936"]
[BlackElo "2120"]
[Annotator "NA"]
[PlyCount "83"]
[EventDate "2019.05.02"]
[EventType "team-tourn"]
[EventCountry "FRA"]
[SourceTitle "playchess.com"]
[Source "ChessBase"]
[SourceQuality "1"]
[TimeControl "40/5400+30:1800+30"]

1. e4 c5 2. c3 Nf6 3. e5 Nd5 4. d4 Nc6 5. Nf3 cxd4 6. cxd4 d6 7. Bc4 Nb6 8. Bb5 d5 9. O-O Bg4 10. h3 Bxf3 11. Qxf3 e6 12. Nc3 a6 13. Bxc6+ bxc6 14. Qg3 Qc7 15. Ne2 g6 16. Bg5 Nd7 17. Rac1 Bg7 18. Bd2 O-O 19. Bb4 Rfc8 20. Rc2 Qb7 21. Bd6 a5 22. Nf4 Nb6 23. h4 a4 24. h5 Ra5 25. Qh3 Nc4 26. hxg6 hxg6 27. Nxe6 Nxd6 28. exd6 fxe6 29. Qxe6+ Kh7 30. Rc3 Rf8 31. d7 Qc7 32. Rxc6 Qd8 33. Qxg6+ Kh8 34. Qh5+ Kg8 35. Qg4 Ra7 36. Qe6+ Kh8 37. Rc3 Rxd7 38. Rh3+ Bh6 39. Qxh6+ Kg8 40. Rg3+ Kf7 41. Qg6+ Ke7 42. Re3# 1-0

[Event "FRA-chTW Top 12 2019"]
[Site "Vandoeuvre"]
[Date "2019.05.04"]
[Round "4.9"]
[White "Cornette, Deimante"]
[Black "Le Du, Anaelle"]
[Result "1-0"]
[ECO "C41"]
[WhiteElo "2433"]
[BlackElo "1728"]
[Annotator "NA"]
[PlyCount "39"]
[EventDate "2019.05.02"]
[EventType "team-tourn"]
[EventCountry "FRA"]
[SourceTitle "playchess.com"]
[Source "ChessBase"]
[SourceQuality "1"]
[TimeControl "40/5400+30:1800+30"]

1. e4 d6 2. d4 Nf6 3. Nc3 e5 4. Nf3 Nbd7 5. Bc4 Be7 6. a4 a5 7. O-O O-O 8. h3 c6 9. Re1 Qc7 10. Ba2 b6 11. Nh4 Bb7 12. Nf5 Rfe8 13. Bg5 Nf8 14. dxe5 dxe5 15. Qf3 N8d7 16. Rad1 Rab8 17. Qg3 Bf8 18. Nh6+ Kh8 19. Nxf7+ Kg8 20. Rxd7 1-0

[Event "FRA-chTW Top 12 2019"]
[Site "Vandoeuvre"]
[Date "2019.05.04"]
[Round "4.9"]
[White "Collas, Silvia"]
[Black "Shvayger, Yuliya"]
[Result "0-1"]
[ECO "D36"]
[WhiteElo "2279"]
[BlackElo "2373"]
[Annotator "NA RC"]
[PlyCount "84"]
[EventDate "2019.05.02"]
[EventType "team-tourn"]
[EventCountry "FRA"]
[SourceTitle "playchess.com"]
[Source "ChessBase"]
[SourceQuality "1"]
[TimeControl "40/5400+30:1800+30"]

1. Nf3 d5 2. d4 Nf6 3. c4 e6 4. Nc3 Nbd7 5. cxd5 exd5 6. Bg5 Be7 7. e3 O-O 8. Bd3 c6 9. Qc2 Re8 10. O-O h6 11. Bxf6 Nxf6 12. h3 Bd6 13. a3 a5 14. Rab1 Qe7 15. Na4 Ne4 16. Nb6 Rb8 17. Nxc8 Rbxc8 18. b4 axb4 19. axb4 b5 20. Bxe4 dxe4 21. Nd2 f5 22. Rfc1 Kh7 23. Qc3 Rc7 24. Rb3 Ra8 25. f3 exf3 26. Nxf3 Ra4 27. Ne5 Bxe5 28. dxe5 c5 29. Rf1 c4 30. Rb2 Qe6 31. Rbf2 Rd7 32. Rxf5 Ra2 33. e4 Rd3 34. Qe1 Rxh3 35. R1f2 Rha3 36. Rxa2 Rxa2 37. Qe3 Ra1+ 38. Kf2 Qe7 39. Qf4 Qxb4 40. Kg3 Qe1+ 41. Kg4 Ra2 42. Qf3 Re2 0-1